 Dungeon Crawl Stone Soup version 0.32-a0-791-gfc315c9ecd (webtiles) character file.

Game seed: 8596631326547340864

6001 Shriekmaw the Slicer (level 10, -1/73 (81) HPs)
             Began as a Grey Draconian Reaver on Mar 20, 2024.
             Was an Elder of Cheibriados.
             Slain by a red devil
             ... wielding a +2 demon trident of draining
              (20 damage)
             ... on level 9 of the Dungeon.
             The game lasted 00:13:56 (10069 turns).

Shriekmaw the Slicer (Grey Draconian Reaver)       Turns: 10069, Time: 00:13:57

HP:   -1/73 (81)    AC:  8    Str: 24    XL:     10   Next: 55%
MP:   18/18         EV: 14    Int: 25    God:    Cheibriados [****..]
Gold: 221           SH:  5    Dex: 23    Spells: 13/13 levels left

rFire   . . .        f - +0 short sword (venom)
rCold   + + .        t - +0 buckler
rNeg    . . .        (body armour unavailable)
rPois   +            (helmet restricted)
rElec   .            (no cloak)
rCorr   .            (no gloves)
SInv    .            (no boots)
Will    .....        (no amulet)
Stlth   ++           b - ring "Ogguxuxt" {rPois rC+ AC+4}
HPRegen 0.32/turn    C - ring of protection from cold
MPRegen 0.16/turn

%: no passive effects
@: spiked, corroded, drained, very slow
A: mud breath, mud-swimmer, AC +12, amphibious, unfitting armour, cold-blooded
a: Mud Breath, Renounce Religion, Bend Time, Temporal Distortion, Slouch


You were on level 9 of the Dungeon.
You worshipped Cheibriados.
Cheibriados was greatly pleased with you.
You visited 2 branches of the dungeon, and saw 10 of its levels.

You collected 506 gold pieces.
You spent 285 gold pieces at shops.

Inventory:

Hand Weapons
 a - a +0 short sword
 f - a +0 short sword of venom (weapon)
 m - a +0 dagger of venom
 n - a +0 rapier
Missiles
 u - 3 throwing nets (quivered) {=f!f}
 y - a curare-tipped dart {=f}
Armour
 t - a +0 buckler (worn)
Magical Staves
 o - a staff of cold {!a}
Jewellery
 b - the ring "Ogguxuxt" (left hand) {rPois rC+ AC+4}
   (You acquired it on level 2 of the Dungeon)

   [ring of protection]

   AC+4:      It affects your AC (+4).
   rC+:       It protects you from cold.
   rPois:     It protects you from poison.
 C - a ring of protection from cold (right hand)
Wands
 r - a wand of charming (6)
 A - a wand of mindburst (2)
Scrolls
 c - a scroll of fear
 g - a scroll of identify {@r1}
 h - 2 scrolls of poison
 l - 2 scrolls of blinking {!r}
 s - a scroll of enchant armour
 w - a scroll of immolation {!r!r}
 x - a scroll of silence {unknown}
Potions
 d - a potion of invisibility
 e - a potion of magic
 i - a potion of heal wounds {@q2}
 j - a potion of curing {@q1}
 k - 2 potions of lignification {!q}
 p - a potion of brilliance
 q - a potion of mutation {!q}
 v - a potion of enlightenment {unknown}
 z - a potion of attraction {!q}


   Skills:
 - Level 5.0 Fighting
 * Level 11.1 Short Blades
 - Level 5.0 Dodging
 - Level 2.0 Spellcasting
 - Level 3.0 Conjurations
 * Level 10.8 Invocations


You had 13 spell levels left.
You didn't know any spells.
Your spell library contained the following spells:

 Spells                   Type           Power      Damage    Failure   Level
 Kiss of Death            Conj/Necr      40%        2d8       8%          1
 Momentum Strike          Conj/Tloc      20%        3d8       11%         2
 Sandblast                Erth           4%         2d4       14%         1
 Lesser Beckoning         Tloc           4%         N/A       21%         2
 Hailstorm                Conj/Ice       10%        3d6       22%         3
 Stone Arrow              Conj/Erth      20%        3d8       22%         3
 Gell's Gravitas          Tloc           2%         N/A       38%         3
 Teleport Other           Tloc           2%         N/A       38%         3
 Brom's Barrelling Bould  Conj/Erth      10%        2d3       58%         4


Dungeon Overview and Level Annotations

Branches:
Dungeon (9/15)             Temple (1/1) D:4
   Lair: D:8-11         Orc: D:9-12

Altars:
Ashenzari
Cheibriados
Dithmenos
Elyvilon
Gozag
Hepliaklqana
Kikubaaqudgha
Nemelex Xobeh
Okawaru
Qazlal
Ru
Sif Muna
Trog
Uskayaw
Vehumet
Wu Jian
Xom
Yredelemnul
Zin
The Shining One

Shops:
D:8 :[:!

Annotations:
D:4 3 runed translucent doors, Goblin1989's ghost, amateur DsSh
D:6 2 transporters, FlatIsJustice's ghost, novice FoFi


Innate Abilities, Weirdness & Mutations

You can breathe torrents of mud.
You are unimpeded by mud.
Your dull iron-grey scales are very hard. (AC +12)
You are amphibious.
You cannot fit into any form of body armour.
You are cold-blooded and may be slowed by cold attacks.


Message History

You are too injured to fight recklessly!
You are too injured to fight recklessly!
You are too injured to fight recklessly!
You are too injured to fight recklessly!
The red devil shoots an arrow.
You block the arrow.
The red devil shoots an arrow.
The arrow closely misses you.
You are too injured to fight recklessly!
You are too injured to fight recklessly!
You are too injured to fight recklessly!
The red devil shoots an arrow.
You block the arrow.
The red devil shoots an arrow.
The arrow barely misses you.
The red devil shoots an arrow.
The arrow closely misses you.
The red devil shoots an arrow.
The arrow barely misses you.
The red devil shoots an arrow.
The arrow closely misses you.
The red devil unwields a +0 shortbow.
The red devil wields a +2 demon trident of draining.
You sense an unholy aura.
The red devil hits you with a +2 demon trident of draining!
Barbed spikes become lodged in your body.
You feel drained. You block the red devil's attack.
You hit the red devil but do no damage. You hit the red devil but do no damage.
The red devil misses you.
Unknown command.
You hit the red devil but do no damage.
Your tail-slap misses the red devil.
The red devil misses you.
You hit the red devil.
The red devil is poisoned.
Your tail-slap misses the red devil.
Unknown command.
You closely miss the red devil.
The red devil hits you with a +2 demon trident of draining!
* * * LOW HITPOINT WARNING * * *
More barbed spikes become lodged in your body.
You feel drained.
* * * LOW HITPOINT WARNING * * *
You hit the red devil but do no damage.
The red devil looks as sick as possible!
Aiming: Mindburst
Press: ? - help, Q - select action, (/) - cycle Shift-Dir - straight line, f - red devil
Aim: a red devil, wielding a +2 demon trident of draining and wearing a +0 plate armour (moderately wounded, extremely poisoned, chance to affect: 29%)
The red devil easily resists.
The red devil hits you with a +2 demon trident of draining!
* * * LOW HITPOINT WARNING * * *
More barbed spikes become lodged in your body.
You feel drained.
* * * LOW HITPOINT WARNING * * *
You feel better.
The red devil hits you with a +2 demon trident of draining!!
You die...
Cheibriados appreciates the motionlessness of death.

.#.##...............).####.......
.#.##.#########...##..#### #.....
.#.##.#.......).####..##..####...
.#.##.#....#######....##.~~~###..
...............##....###.44~.##..
...##.###.....##...### #.~#~~.##.
.#....# #.....##..## ..4. ##~.##.
.#.#### #)...##...# .... #...##
.#.# #.)).##.@## ... ##..## ...#
##)####.4# 44 #..## .#.# #.# #..#
. #..## .#.#######.# #..# ##..##
.#.........# #... #.).##
.....####### ##.. ##).##. .....#
#.. ###...### .....# ##..
##.)..## .##..# #....##


You could see a red devil (extremely poisoned).

Vanquished Creatures
  A two-headed ogre (D:7)
  A rust devil (D:9)
  A red devil (D:9)
  A hornet (D:5)
  3 yaks (D:9)
  A wyvern (D:8)
  2 neqoxecs (D:9)
  2 steam dragons
  A chaos spawn (D:9)
  An acid dragon (D:8)
  3 water moccasins
  2 orc warriors
  2 sky beasts
  An ice beast (D:6)
  An ogre (D:6)
  3 phantoms
  2 kobold brigands
  4 bullfrogs
  3 gnoll sergeants
  3 wights (D:7)
  4 killer bees
  2 howler monkeys
  7 orc priests
  A bombardier beetle (D:6)
  2 hounds (D:5)
  A jelly (D:7)
  A sleepcap (D:6)
  4 iguanas
  13 orc wizards
  13 gnolls
  5 adders
  2 shadow imps (D:7)
  2 white imps
  2 dart slugs
  5 ribbon worms
  25 orcs
  5 endoplasms
  3 giant cockroaches
  9 goblins
  4 hobgoblins
  4 jackals (D:2)
  6 quokkas
  6 ball pythons
  6 bats
  A frilled lizard (D:2)
  18 kobolds
  5 rats
194 creatures vanquished.

Vanquished Creatures (collateral kills)
  A wight (D:7)
  3 killer bees (D:5)
  2 orcs
6 creatures vanquished.

Vanquished Creatures (others)
  A wight (D:7)
  A killer bee (D:5)
  2 jellies (D:6)
  2 orc priests (D:3)
6 creatures vanquished.

Grand Total: 206 creatures vanquished

Notes
Turn   | Place    | Note
-------+----------+-------------------------------------------
     0 | D:1      | Shriekmaw the Draconian Reaver began the quest for the Orb.
     0 | D:1      | Reached XP level 1. HP: 17/17 MP: 3/3
    25 | D:1      | Found a faded altar of an unknown god.
   301 | D:1      | Reached XP level 2. HP: 13/25 MP: 5/5
  1135 | D:2      | HP: 1/25 [frozen (3)]
  1284 | D:2      | Reached XP level 3. HP: 26/30 MP: 6/6
  1915 | D:2      | Identified a scroll of acquirement
  1915 | D:2      | Acquired the ring "Ogguxuxt" {rPois rC+ AC+4}
  2107 | D:3      | Reached skill level 4 in Short Blades
  2109 | D:3      | Reached skill level 3 in Fighting
  2202 | D:3      | Reached XP level 4. HP: 33/38 MP: 7/7
  2555 | D:3      | Reached XP level 5. HP: 45/45 MP: 8/8
  3012 | D:4      | Reached skill level 3 in Dodging
  3060 | D:4      | Found a staircase to the Ecumenical Temple.
  3071 | Temple   | Entered the Ecumenical Temple
  3094 | Temple   | Became a worshipper of Cheibriados the Contemplative
  3196 | D:4      | Found a runed translucent gate.
  3197 | D:4      | Found a runed translucent gate.
  3197 | D:4      | Found an opulent altar of Gozag.
  3197 | D:4      | Noticed Goblin1989's ghost (amateur DsSh)
  3215 | D:4      | Found a runed translucent gate.
  3479 | D:4      | Noticed a wyvern
  3743 | D:5      | Entered Level 5 of the Dungeon
  3743 | D:5      | Noticed a hornet
  3746 | D:5      | Killed a hornet
  3747 | D:5      | Reached skill level 5 in Short Blades
  3747 | D:5      | Reached XP level 6. HP: 52/52 MP: 9/9
  3872 | D:5      | Your scales start taking on a dull iron-grey colour.
  3872 | D:5      | Reached XP level 7. HP: 59/59 MP: 10/10
  3876 | D:5      | Reached skill level 3 in Invocations
  4016 | D:5      | Reached * piety under Cheibriados
  4113 | D:5      | Reached skill level 6 in Short Blades
  4345 | D:5      | Found an ancient bone altar of Kikubaaqudgha.
  4441 | D:5      | Reached XP level 8. HP: 52/67 MP: 11/11
  4747 | D:6      | Found a bloodstained altar of Trog.
  4802 | D:6      | Reached skill level 7 in Short Blades
  5549 | D:6      | Found a transporter.
  5554 | D:6      | Found a transporter.
  5697 | D:6      | Reached ** piety under Cheibriados
  5698 | D:6      | Reached skill level 6 in Invocations
  5714 | D:6      | Found a shimmering blue altar of Sif Muna.
  5723 | D:6      | Found a stormy altar of Qazlal.
  5732 | D:6      | Found a basalt altar of Yredelemnul.
  5734 | D:6      | Found a sacrificial altar of Ru.
  5775 | D:6      | Identified the +10 trident of Soft Forgiveness {venom,
                  | rF+++ rC++}
  5775 | D:6      | Identified the +1 buckler of Qizxim {Int+4 Stlth+}
  5784 | D:6      | Noticed FlatIsJustice's ghost (novice FoFi)
  5832 | D:6      | Found a white marble altar of Elyvilon.
  5832 | D:6      | Found a glowing silver altar of Zin.
  5834 | D:6      | Found a glowing golden altar of the Shining One.
  6289 | D:7      | Reached XP level 9. HP: 43/74 MP: 12/14
  6464 | D:7      | Reached skill level 8 in Short Blades
  7271 | D:8      | Noticed a two-headed ogre
  7285 | D:7      | Killed a two-headed ogre
  7286 | D:7      | Reached skill level 9 in Short Blades
  7838 | D:7      | Reached *** piety under Cheibriados
  8121 | D:8      | Reached skill level 9 in Invocations
  8263 | D:8      | Found Jetoq's Antique Armour Shoppe.
  8266 | D:8      | Found Ycalimem's Book Shoppe.
  8267 | D:8      | Found Joloyn's Book Shoppe.
  8268 | D:8      | Found Kemias's Distillery.
  8289 | D:8      | Bought a potion of heal wounds for 75 gold pieces
  8289 | D:8      | Bought a potion of curing for 45 gold pieces
  8289 | D:8      | Bought a potion of curing for 45 gold pieces
  8289 | D:8      | Bought a potion of mutation for 120 gold pieces
  8793 | D:8      | Reached XP level 10. HP: 81/81 MP: 17/17
  8804 | D:8      | Reached skill level 10 in Short Blades
  8958 | D:9      | Reached **** piety under Cheibriados
  9094 | D:9      | Noticed a rust devil
 10055 | D:9      | Killed a rust devil
 10056 | D:9      | Reached skill level 11 in Short Blades
 10069 | D:9      | Slain by a red devil

Illustrated notes

Levels and vault maps discovered:
D:1:      ldierk_walled_garden_2, layout_loops_ring,
          ebering_ecumenical_altar_rust
D:2:      layout_basic, kennysheep_cross_bottleneck
D:3:      minmay_spotlight, layout_loops_ring, minmay_misc_feat_columns
D:4:      layout_basic, minmay_temple_entry_ruins, ebering_ghost_gozag
D:5:      layout_basic, mainiacjoe_overflow_boulevard
D:6:      layout_gridville, dreamdust_divine_triumvirate,
          nicolae_overflow_macrodata_refinement, mainiacjoe_overflow_brackets,
          gammafunk_ghost_gnarly_gnolls, grunt_ministairs_2
D:7:      layout_basic
D:8:      layout_rooms, enter_bailey_5, minmay_shop_grid_forest
D:9:      layout_basic, lightli_temple_of_fire, david_lair_shrubbed,
          nicolae_neqoxec_dot_bat
Temple:   bh_familiar_temple

Skill      XL: |  1  2  3  4  5  6  7  8  9 10 |
---------------+-------------------------------+-----
Dodging        | 2 3 4 5 |  5.0
Short Blades   | 4 5 6 7 9 11 | 11.1
Fighting       | 3 4 5 |  5.0
Invocations    | 2 4 6 9 10 | 10.8
Spellcasting   | |  2.0
Conjurations   | |  3.0

Action                     |  1- 3 |  4- 6 |  7- 9 | 10-12 || total
---------------------------+-------+-------+-------+-------++-------
  Melee: Short sword       |   239 |   102 |       |   132 ||   473
         Tailslap          |    24 |    13 |   123 |    46 ||   206
         Rapier            |       |    32 |   271 |       ||   303
         Dagger            |       |       |   414 |   116 ||   530
Ability: Mud Breath        |       |       |     9 |     1 ||    10
  Evoke: Wand              |     2 |     5 |    20 |     6 ||    33
    Use: Scroll            |     5 |     2 |    12 |     3 ||    22
         Potion            |     2 |       |     2 |     2 ||     6
   Stab: Invisible         |       |       |       |     4 ||     4
         Sleeping          |       |       |       |     2 ||     2
 Armour: Skin              |   153 |    92 |   377 |   113 ||   735
  Dodge: Dodged            |   130 |    69 |   315 |   101 ||   615
  Block: Buckler           |       |       |    46 |    31 ||    77

Table legend: (Time is in decaauts)
 A = Elapsed time spent in this place.
 B = Non-inter-level travel time spent in this place.
 C = Inter-level travel time spent in this place.
 D = Time resting spent in this place.
 E = Time spent auto-exploring this place.
 F = Levels seen in this place.
 G = Mean time per level.
                   A        B        C        D        E       F      G
               +--------+--------+--------+--------+--------+-----+--------+
         Total |  11402 |  10727 |    675 |   1876 |   6895 |  10 | 1140.2 |
       Dungeon |  11350 |  10725 |    625 |   1876 |   6895 |   9 | 1261.1 |
        Temple |     51 |      1 |     50 |      0 |      0 |   1 |   51.0 |
               +--------+--------+--------+--------+--------+-----+--------+

Top non-repeatable levels by time:
     D:7: 2030 daAuts
     D:6: 1719 daAuts
     D:9: 1536 daAuts
     D:8: 1142 daAuts
     D:5: 1120 daAuts
     D:4: 1071 daAuts
     D:1: 959 daAuts
     D:2: 940 daAuts
     D:3: 830 daAuts
  Temple: 51 daAuts
